 Dungeon Crawl Stone Soup version 0.31-a0-133-gaae73658be (webtiles) character file.

Game seed: 2943290597426832208

11779 Drazool the Prestidigitator (level 12, -13/59 HPs)
             Began as a Kobold Enchanter on June 2, 2023.
             Was a Priest of Dithmenos.
             Mangled by a komodo dragon (23 damage)
             ... on level 2 of the Lair of Beasts.
             The game lasted 00:38:36 (13294 turns).

Drazool the Prestidigitator (Kobold Enchanter)     Turns: 13294, Time: 00:38:36

Health: -13/59     AC:  9    Str:  5    XL:     12   Next: 12%
Magic:  2/16       EV: 21    Int: 17    God:    Dithmenos [***...]
Gold:   537        SH:  0    Dex: 23    Spells: 13/15 levels left

rFire   . . .        a - +1 dagger (speed)
rCold   . . .        (no shield)
rNeg    + . .        p - +2 robe {Will+}
rPois   .            z - +2 hat
rElec   .            c - scarf {+Inv}
rCorr   .            u - +2 pair of gloves
SInv    +            (no boots)
Will    ++...        x - amulet of the acrobat
Stlth   +++++++++    y - +4 ring of slaying
HPRegen 0.29/turn    P - ring of Haskizun {rN+ Will+ Dex+3 SInv}
MPRegen 0.15/turn

%: acrobat
@: about to teleport, wreathed by umbra
A: small, no large weapons, nightstalker 3
a: Renounce Religion, Evoke Invisibility, Shadow Step


You were on level 2 of the Lair of Beasts.
You worshipped Dithmenos.
Dithmenos was most pleased with you.
You visited 3 branches of the dungeon, and saw 13 of its levels.
You also visited: Bailey.

You collected 692 gold pieces.
You spent 155 gold pieces at shops.


Innate Abilities, Weirdness & Mutations

You are small and have problems with some larger weapons.
You are completely attuned to the shadows.


   Skills:
 - Level 10.7 Short Blades
 - Level 7.9 Dodging
 - Level 11.7 Stealth
 - Level 2.1 Spellcasting
 - Level 5.3 Hexes
 + Level 5.0 Ice Magic
 + Level 5.5 Invocations
 - Level 12.1 Evocations


You had 13 spell levels left.
You knew the following spells:

 Your Spells              Type           Power      Damage    Failure   Level
e - Ensorcelled Hibernat  Hex/Ice        38%        N/A       3%          2

Your spell library contained the following spells:

 Spells                   Type           Power      Damage    Failure   Level
 Freeze                   Ice            76%        1d8       2%          1
 Confusing Touch          Hex            20%        N/A       6%          3
 Tukima's Dance           Hex            20%        N/A       6%          3
 Frozen Ramparts          Ice            38%        1d6       7%          3
 Shock                    Conj/Air       4%         1d3       19%         1
 Dazzling Flash           Conj/Hex       20%        N/A       19%         3
 Hailstorm                Conj/Ice       10%        3d5       21%         3
 Gell's Gravitas          Tloc           1%         N/A       50%         3
 Swiftness                Air            1%         N/A       50%         3
 Teleport Other           Tloc           1%         N/A       50%         3
 Yara's Violent Unravell  Hex/Tmut       5%         3d4       87%         5
 Airstrike                Air            0%         2d(1-17)  88%         4
 Passage of Golubria      Tloc           1%         N/A       88%         4
 Dispersal                Tloc           0%         N/A       100%        6

Inventory:

Hand Weapons
 a - a +1 dagger of speed (weapon)
 b - a +3 short sword
 d - a +1 dagger
 v - a +3 broad axe
Missiles
 f - 16 boomerangs (quivered)
 B - 34 poisoned darts
 J - 3 throwing nets {=f}
Armour
 c - a scarf of invisibility (worn)
 h - a +0 pair of boots
 p - a +2 robe of willpower (worn)
 u - a +2 pair of gloves (worn)
 z - a +2 hat (worn)
 E - a +0 robe
 G - a +2 cloak of willpower
Magical Staves
 r - a staff of death {!a}
Jewellery
 n - a ring of positive energy
 x - an amulet of the acrobat (around neck)
 y - a +4 ring of slaying (left hand)
 C - a ring of protection from cold
 D - a +6 ring of dexterity
 N - a ring of positive energy
 P - the ring of Haskizun (right hand) {rN+ Will+ Dex+3 SInv}
   (You found it on level 10 of the Dungeon)

   [ring of positive energy]

   Dex:       It affects your dexterity (+3).
   rN:        It protects you from negative energy.
   SInv:      It lets you see invisible.
   Will:      It increases your willpower.
 Y - a +4 ring of slaying
Wands
 w - a wand of flame (42)
 L - a wand of charming (5)
Scrolls
 i - a scroll of torment
 j - 2 scrolls of vulnerability
 m - 2 scrolls of enchant weapon
 o - 4 scrolls of teleportation {@r2}
 s - 2 scrolls of amnesia
 t - 3 scrolls of poison
 I - 3 scrolls of noise {unknown}
 K - 3 scrolls of fog
 Q - 2 scrolls of enchant armour
 S - a scroll of acquirement {unknown}
Potions
 e - 4 potions of enlightenment
 g - 3 potions of magic {unknown}
 k - a potion of curing {@q1}
 l - 3 potions of heal wounds {unknown}
 q - 2 potions of degeneration {unknown}
 A - 5 potions of lignification {unknown}
 F - a potion of attraction {unknown}
 H - a potion of brilliance {unknown}
 M - 2 potions of berserk rage {unknown}
 O - a potion of cancellation {unknown}
Miscellaneous
 R - a phial of floods

Dungeon Overview and Level Annotations

Branches:
Dungeon (10/15)            Temple (1/1) D:5            Lair (2/5) D:8
  Snake (0/4) Lair:2          Orc (0/2) D:9          Bailey (visited)
  Swamp: Lair:2-3    Shoals: Lair:2-3

Altars:
Ashenzari
Cheibriados
Dithmenos
Elyvilon
Fedhas
Gozag
Hepliaklqana
Kikubaaqudgha
Makhleb
Nemelex Xobeh
Okawaru
Qazlal
Ru
Sif Muna
Trog
Uskayaw
Vehumet
Xom
Yredelemnul
Zin
The Shining One

Shops:
D:5 [

Annotations:
Lair:2 3 runed translucent doors, kairosrom117's ghost, journeyman DrFE

######P.....# ##....P..P...P#
# ##....l# #.......#...##
######......## #...........#
.............# ##......#...##
▒▒▒▒▒▒▒▒▒....# #.......#....P
▒..▒ ▒.▒....# ##...#.#.....##
▒F▒▒ .▒....# ##l.........##
+..S ▒....# #l...........#
+... W▒....###@...........#
+.▒ #▒..................## ▒
.$▒..#P.#'#.P##......##
▒.▒..#..........#.....#
▒▒▒▒▒▒▒▒▒........[....#....P#
...........#...............##
...........#..........#....##
............#..#.#P...#.....#
...........................##


You could see 2 komodo dragons.


Message History

The komodo dragon completely misses you.
Casting: Ensorcelled Hibernation (safe; 3% risk of failure)
Confirm with . or Enter, or press ? or * to list all spells.
Aiming: Ensorcelled Hibernation (safe; 3% risk of failure)
Press: ? - help, Shift-Dir - straight line, f/p - komodo dragon
Aim: a komodo dragon (moderately wounded, umbra, chance to affect: 34%)
The komodo dragon easily resists.
The komodo dragon misses you.
The komodo dragon attacks as you move away!
The komodo dragon bites you!
* * * LOW HITPOINT WARNING * * *
The komodo dragon attacks as you move away!
The komodo dragon completely misses you.
The komodo dragon attacks as you move away!
The komodo dragon barely misses you.
Casting: Ensorcelled Hibernation (safe; 3% risk of failure)
Confirm with . or Enter, or press ? or * to list all spells.
Aiming: Ensorcelled Hibernation (safe; 3% risk of failure)
Press: ? - help, Shift-Dir - straight line, f/p - komodo dragon
Aim: a komodo dragon (lightly wounded, umbra, chance to affect: 34%)
The komodo dragon easily resists.
The komodo dragon misses you.
The komodo dragon hisses menacingly.
The komodo dragon attacks as you move away!
The komodo dragon bites you!!
* * * LOW HITPOINT WARNING * * *
The komodo dragon attacks as you move away!
The komodo dragon completely misses you.
As you read the scroll of teleportation {@r2}, it crumbles to dust.
You feel strangely unstable. The komodo dragon bites you!!
You die...

Skill      XL: |  1  2  3  4  5  6  7  8  9 10 11 12 |
---------------+-------------------------------------+-----
Stealth        | 5 6 9 10 11 | 11.7
Short Blades   | 3 7 10 | 10.7
Dodging        | 7 |  7.9
Evocations     | 9 12 | 12.1
Hexes          | 5 |  5.3
Ice Magic      | 4 5 |  5.0
Invocations    | 4 5 |  5.5
Spellcasting   | |  2.1

Action                     |  1- 3 |  4- 6 |  7- 9 | 10-12 || total
---------------------------+-------+-------+-------+-------++-------
  Melee: Dagger            |    94 |    77 |   356 |   294 ||   821
         Punch             |       |       |     4 |     4 ||     8
         Short sword       |       |       |       |    29 ||    29
  Throw: Boomerang         |       |       |     2 |     2 ||     4
   Cast: Ensorcelled Hiber |       |       |       |    51 ||    51
Ability: Evoke Invisibilit |       |       |       |     2 ||     2
  Evoke: Wand              |       |       |     1 |     1 ||     2
    Use: Potion            |       |       |     3 |     4 ||     7
         Scroll            |       |       |    16 |     8 ||    24
   Stab: Sleeping          |    13 |     7 |    25 |    45 ||    90
         Distracted        |     3 |       |     5 |     3 ||    11
         Invisible         |       |       |     2 |     8 ||    10
 Armour: Robe              |     9 |    10 |    43 |    34 ||    96
  Dodge: Dodged            |    62 |    35 |   215 |   187 ||   499

Levels and vault maps discovered:
D:1:      mrwooster_arrival_statue_2, layout_rooms, serial_co_window_serial,
          co_window_corner_a, co_window_corner_a, co_window_of_opportunity_a,
          co_window_paths_b, co_window_cross_1, co_window_unsneaky_path_c,
          co_window_corner_cb, co_window_cross_2, co_window_2corner,
          co_window_of_opportunity_b, co_window_unsneaky_path_d,
          co_window_paths_d, co_window_paths_e, glass_columns_b,
          glass_columns_a, serial_bayou_pond_d
D:2:      layout_basic, shapermc_ecumenical_altar_pompeii
D:3:      layout_basic, mainiacjoe_overflow_catwalk, fiery_altar_vehumet,
          mainiacjoe_overflow_small_starburst, uniq_sigmund, uniq_jessica,
          uniq_terence
D:4:      layout_loops_ring, old_standard_altar, makhleb_heckhound_becter
D:5:      layout_loops_cross, lemuel_doored_altar,
          chequers_temple_overflow_minitemple, nicolae_overflow_hidden_temple,
          minmay_temple_entry_large_hall, serial_shops,
          nicolae_shop_real_fake_doors, uniq_pikel
D:6:      layout_loops_cross, kennysheep_generic_room_6
D:7:      layout_basic, nemelex_altar_shiori, lemuel_round_altar,
          enter_bailey_5, serial_park_tiny_2, patterned_corridor
D:8:      layout_cave_pods, lair_entry_dummy, grunt_tough_drop
D:9:      layout_layer_cave, david_orc_3, chequers_jeans,
          kennysheep_generic_room_14, uniq_erolcha
D:10:     layout_roguey, kennysheep_orc_sif_temple
Temple:   hellmonk_temple_of_storms
Lair:1:   layout_loops_ring, basic_altar, grunt_forest_large_clearing_hut
Lair:2:   beast_lair_carwin_large_2, layout_chaotic_city,
          nicolae_shoals_entry_roost, nicolae_snake_entry_warm_welcome,
          maelrawn_ghost_gauntlet_escape, minmay_lair_oklob_bushes,
          minmay_stone_trees_medium

Notes
Turn   | Place    | Note
-------+----------+-------------------------------------------
     0 | D:1      | Drazool the Kobold Enchanter began the quest for the Orb.
     0 | D:1      | Reached XP level 1. HP: 10/10 MP: 3/3
   285 | D:1      | Reached XP level 2. HP: 12/15 MP: 5/5
   314 | D:1      | Reached skill level 5 in Stealth
   458 | D:1      | Reached XP level 3. HP: 19/19 MP: 6/6
  1266 | D:2      | Reached skill level 6 in Stealth
  1380 | D:2      | Reached XP level 4. HP: 24/24 MP: 7/7
  1676 | D:2      | Found a faded altar of an unknown god.
  1767 | D:3      | Noticed Terence
  1771 | D:3      | Killed Terence
  1772 | D:3      | Reached skill level 7 in Stealth
  1846 | D:3      | Noticed Sigmund
  1848 | D:3      | Killed Sigmund
  1849 | D:3      | Reached skill level 9 in Stealth
  1849 | D:3      | Reached XP level 5. HP: 28/28 MP: 8/8
  1849 | D:3      | Reached XP level 6. HP: 32/32 MP: 9/9
  2493 | D:3      | Found a glowing silver altar of Zin.
  2624 | D:3      | Found a radiant altar of Vehumet.
  2911 | D:4      | Reached skill level 2 in Short Blades
  3018 | D:4      | Noticed a black bear
  3022 | D:4      | Killed a black bear
  3023 | D:4      | Reached skill level 3 in Short Blades
  3023 | D:4      | Reached XP level 7. HP: 36/36 MP: 10/10
  3203 | D:4      | Found a burning altar of Makhleb.
  3263 | D:4      | Reached skill level 4 in Short Blades
  3297 | D:4      | Reached skill level 10 in Stealth
  3475 | D:4      | Learned a level 2 spell: Ensorcelled Hibernation
  3736 | D:4      | Found a shimmering altar of Xom.
  3835 | D:5      | Entered Level 5 of the Dungeon
  3864 | D:5      | Found a staircase to the Ecumenical Temple.
  3873 | Temple   | Entered the Ecumenical Temple
  3986 | Temple   | Became a worshipper of Dithmenos the Shadowed
  4081 | D:5      | Found a hide-covered altar of Uskayaw.
  4243 | D:5      | Reached skill level 5 in Short Blades
  4366 | D:5      | Reached skill level 6 in Short Blades
  4430 | D:5      | Reached skill level 7 in Short Blades
  4430 | D:5      | Reached XP level 8. HP: 41/41 MP: 11/11
  4449 | D:5      | Found a hazy altar of Hepliaklqana.
  4497 | D:5      | Noticed Pikel
  4516 | D:5      | Killed Pikel
  4517 | D:5      | Reached skill level 10 in Short Blades
  4731 | D:5      | Reached XP level 9. HP: 39/45 MP: 12/12
  4781 | D:5      | Found a basalt altar of Yredelemnul.
  4786 | D:5      | Found a blossoming altar of Fedhas.
  4788 | D:5      | Found a stormy altar of Qazlal.
  4789 | D:5      | Found a white marble altar of Elyvilon.
  4794 | D:5      | Found a faded altar of an unknown god.
  4848 | D:5      | Found Loises Pism's Armour Shop.
  4851 | D:5      | Bought a +0 cloak of willpower for 115 gold pieces
  5051 | D:5      | Bought a +0 hat for 40 gold pieces
  5274 | D:6      | Reached skill level 3 in Dodging
  5504 | D:6      | Reached skill level 4 in Dodging
  5680 | D:6      | Reached skill level 5 in Dodging
  5949 | D:6      | Reached skill level 6 in Dodging
  6022 | D:6      | Reached skill level 11 in Stealth
  6419 | D:7      | Found a flagged portal.
  6476 | D:7      | Reached * piety under Dithmenos
  6490 | Bailey   | Entered a bailey
  6991 | D:7      | Found a broken altar of Ashenzari.
  7021 | D:7      | Reached skill level 7 in Dodging
  7181 | D:7      | Found a sparkling altar of Nemelex Xobeh.
  7553 | D:8      | Found a staircase to the Lair.
  8129 | D:8      | Reached XP level 10. HP: 46/50 MP: 13/13
  8149 | D:8      | Reached skill level 1 in Evocations
  8274 | D:8      | Reached skill level 2 in Evocations
  8532 | D:8      | Reached skill level 4 in Hexes
  8532 | D:8      | Reached skill level 3 in Evocations
  8692 | D:8      | Reached ** piety under Dithmenos
  8697 | D:8      | Reached skill level 4 in Evocations
  8867 | D:8      | Reached skill level 5 in Hexes
  8921 | D:9      | Found a staircase to the Orcish Mines.
  9252 | D:9      | Noticed Erolcha
  9510 | D:9      | Reached skill level 5 in Evocations
  9686 | D:9      | HP: 2/50 [+2 spectral giant club[Erolcha] (22)]
 10410 | D:9      | Reached skill level 6 in Evocations
 10606 | D:9      | Killed Erolcha
 10607 | D:9      | Reached skill level 7 in Evocations
 10751 | D:10     | Entered Level 10 of the Dungeon
 10773 | D:10     | Noticed a two-headed ogre
 10777 | D:10     | Killed a two-headed ogre
 10778 | D:10     | Reached skill level 8 in Evocations
 10787 | D:10     | Killed an unseen horror
 10788 | D:10     | Reached skill level 9 in Evocations
 10788 | D:10     | Reached XP level 11. HP: 42/54 MP: 14/14
 10936 | D:10     | Reached skill level 10 in Evocations
 11044 | D:10     | Identified the ring of Haskizun {rN+ Will+ Dex+3 SInv}
 11279 | D:10     | Reached skill level 11 in Evocations
 11282 | D:10     | Found a shimmering blue altar of Sif Muna.
 11446 | D:10     | HP: 1/54 [something (8)]
 11650 | Lair:1   | Entered Level 1 of the Lair of Beasts
 11844 | D:8      | Reached skill level 12 in Evocations
 12057 | Lair:1   | Found a hazy altar of Hepliaklqana.
 12103 | Lair:1   | Reached skill level 1 in Ice Magic
 12103 | Lair:1   | Reached skill level 1 in Invocations
 12178 | Lair:1   | Reached *** piety under Dithmenos
 12234 | Lair:1   | Reached skill level 2 in Ice Magic
 12234 | Lair:1   | Reached skill level 2 in Invocations
 12362 | Lair:1   | Reached skill level 3 in Invocations
 12373 | Lair:1   | Reached skill level 3 in Ice Magic
 12507 | Lair:1   | Reached skill level 4 in Invocations
 12736 | Lair:1   | Reached skill level 4 in Ice Magic
 12838 | Lair:2   | Noticed a harpy
 12849 | Lair:1   | Reached XP level 12. HP: 59/59 MP: 8/15
 13013 | Lair:2   | Found a staircase to the Snake Pit.
 13020 | Lair:2   | Reached skill level 5 in Invocations
 13119 | Lair:2   | Found a runed translucent gate.
 13119 | Lair:2   | Found a runed translucent gate.
 13119 | Lair:2   | Found a runed translucent gate.
 13214 | Lair:2   | Reached skill level 5 in Ice Magic
 13243 | Lair:2   | Noticed kairosrom117's ghost (journeyman DrFE)
 13294 | Lair:2   | Mangled by a komodo dragon

Vanquished Creatures
  Erolcha (D:9)
  A two-headed ogre (D:10)
  Pikel (D:5)
  A salamander (Lair:2)
  A black mamba (Lair:1)
  An unseen horror (D:10)
  2 cane toads (Lair:1)
  4 komodo dragons
  4 blink frogs (D:8)
  Sigmund (D:3)
  A shadow (D:10)
  A spriggan (Lair:1)
  4 wyverns
  7 yaks
  2 basilisks
  2 vampire mosquitoes (D:8)
  An acid dragon (D:9)
  4 water moccasins
  A warg (D:9)
  3 orc warriors
  An ice beast (D:5)
  2 black bears
  2 sky beasts
  An ogre (D:6)
  4 centaurs
  2 phantoms (D:5)
  2 kobold brigands
  6 bullfrogs
  2 gnoll sergeants
  2 scorpions
  4 wights (D:8)
  6 howler monkeys
  2 lava snakes (Lair:2)
  A jelly (D:5)
  3 hounds
  A gnoll bouda (D:7)
  2 orc priests
  Terence (D:3)
  2 sleepcaps
  6 iguanas
  9 orc wizards
  14 gnolls
  8 adders
  A shadow imp (D:8)
  2 white imps
  An ufetubus (D:5)
  A worm (D:3)
  A dart slug (D:1)
  25 orcs
  8 ball pythons
  5 endoplasms
  3 giant cockroaches (D:2)
  13 goblins
  7 hobgoblins
  23 kobolds
  2 quokkas (D:4)
  8 bats
  2 frilled lizards (D:1)
  A rat (D:2)
229 creatures vanquished.

Vanquished Creatures (others)
  A gnoll (D:10)
1 creature vanquished.

Grand Total: 230 creatures vanquished

Table legend: (Time is in decaauts)
 A = Elapsed time spent in this place.
 B = Non-inter-level travel time spent in this place.
 C = Inter-level travel time spent in this place.
 D = Time resting spent in this place.
 E = Time spent auto-exploring this place.
 F = Levels seen in this place.
 G = Mean time per level.
                   A        B        C        D        E       F      G
               +--------+--------+--------+--------+--------+-----+--------+
         Total |  12943 |  12323 |    620 |   1474 |   8608 |  14 |  924.5 |
       Dungeon |  11470 |  10938 |    532 |   1423 |   7637 |  10 | 1147.0 |
        Temple |    126 |    112 |     14 |      0 |     78 |   1 |  126.0 |
          Lair |   1300 |   1226 |     74 |     51 |    893 |   2 |  650.0 |
        Bailey |     46 |     46 |      0 |      0 |      0 |   1 |   46.0 |
               +--------+--------+--------+--------+--------+-----+--------+

Top non-repeatable levels by time:
     D:8: 1945 daAuts
     D:9: 1507 daAuts
     D:5: 1354 daAuts
     D:1: 1167 daAuts
     D:7: 1154 daAuts
     D:3: 1067 daAuts
     D:4: 941 daAuts
  Lair:1: 940 daAuts
     D:6: 900 daAuts
    D:10: 790 daAuts
     D:2: 640 daAuts
  Lair:2: 360 daAuts
  Temple: 126 daAuts
  Bailey: 46 daAuts

Table legend:
 A = Non-vault XP
 B = Vault XP
 C = Vault XP percentage of total XP
 D = Non-vault monster count
 E = Vault monster count
 F = Vault count percentage of total count
                 A         B        C        D         E       F
            +---------+---------+-------+---------+---------+-------
      Total |   12165 |    4663 |  27.7 |     193 |      36 |  15.7
            +---------+---------+-------+---------+---------+-------
        D:1 |      36 |       0 |   0.0 |      21 |       0 |   0.0
        D:2 |      50 |       0 |   0.0 |      26 |       0 |   0.0
        D:3 |      26 |     269 |  91.2 |       5 |       2 |  28.6
        D:4 |     245 |      42 |  14.6 |      10 |       1 |   9.1
        D:5 |     797 |     673 |  45.8 |      14 |       1 |   6.7
        D:6 |     650 |     125 |  16.1 |      22 |       2 |   8.3
        D:7 |     641 |       7 |   1.1 |      14 |       4 |  22.2
        D:8 |    2580 |     385 |  13.0 |      38 |       3 |   7.3
        D:9 |     713 |    1009 |  58.6 |      12 |       4 |  25.0
       D:10 |    2882 |     185 |   6.0 |      16 |       2 |  11.1
     Temple |      37 |       0 |   0.0 |       1 |       0 |   0.0
     Lair:1 |    3295 |     618 |  15.8 |      13 |       3 |  18.8
     Lair:2 |     213 |    1341 |  86.3 |       1 |       8 |  88.9
     Bailey |       0 |       9 | 100.0 |       0 |       6 | 100.0
            +---------+---------+-------+---------+---------+-------
